 Dungeon Crawl Stone Soup version 0.18.1-6-gd335043 (webtiles) character file.

3119 GordonOverkill the Martial Artist (level 9, 0/65 HPs)
             Began as a Demonspawn Transmuter on May 16, 2016.
             Was an Elder of Okawaru.
             Killed from afar by Erolcha (21 damage)
             ... with a bolt of fire
             ... on level 8 of the Dungeon.
             The game lasted 00:34:04 (9577 turns).

GordonOverkill the Martial Artist (DsTm)            Turns: 9577, Time: 00:34:05

Health: 0/65       AC: 14    Str: 15    XL:     9   Next: 60%
Magic:  12/12      EV: 18    Int: 16    God:    Okawaru [****..]
Gold:   544        SH:  0    Dex: 15    Spells: 4 memorised, 2 levels left

rFire  . . .     SeeInvis .       - Unarmed
rCold  . . .     Gourm    .     j - +0 leather armour
rNeg   . . .     Faith    .     (no shield)
rPois  .         Spirit   .     b - +1 helmet
rElec  .         Dismiss  .     o - +1 cloak "Nawnis" {Str+2 Dex+2 Slay+2}
rCorr  .         Reflect  .     y - +0 pair of gloves
SustAt .         Harm     .     (no boots)
MR     .....                    (no amulet)
Stlth  ++........               I - +5 ring of evasion
                                A - ring of wizardry

@: repel missiles, not resistant to hostile enchantments, unstealthy
A: claws 2, iridescent scales 2, demonic guardian 1, nightstalker 1
a: Heroism, Renounce Religion


You were on level 8 of the Dungeon.
You worshipped Okawaru.
Okawaru was greatly pleased with you.
You were not hungry.

You visited 1 branch of the dungeon, and saw 8 of its levels.
You also visited: Sewer and Ossuary.

You collected 544 gold pieces.

Inventory:

Missiles
 a - 73 arrows
 L - a throwing net (quivered)
Armour
 b - a +1 helmet (worn)
 j - a +0 leather armour (worn)
 o - the +1 cloak "Nawnis" (worn) {Str+2 Dex+2 Slay+2}
   (You acquired it on level 6 of the Dungeon)

   It affects your strength (+2).
   It affects your dexterity (+2).
   It affects your accuracy and damage with ranged weapons and melee attacks
   (+2).
 y - a +0 pair of gloves (worn)
Jewellery
 n - an uncursed amulet of dismissal
 s - an uncursed ring of flight
 A - a ring of wizardry (left hand)
 I - a +5 ring of evasion (right hand)
Wands
 e - a wand of acid (3/15)
 G - a wand of slowing (22/48)
 J - a wand of confusion (11/48)
Scrolls
 l - 7 scrolls of remove curse
 v - 10 scrolls of teleportation
 E - a scroll of magic mapping
 F - a scroll of amnesia
Potions
 f - 3 potions of mutation
 h - a potion of haste
 i - a potion of invisibility
 m - 3 potions of might
 p - a potion of heal wounds
 r - 2 potions of lignification {unknown}
 t - a potion of ambrosia
 u - a potion of degeneration {unknown}
 w - 4 potions of curing
 B - a potion of flight {unknown}
 C - 2 potions of brilliance
Books
 c - a book of Changes

   Spells                             Type                      Level
   a - Beastly Appendage              Transmutation                1
   b - Sticks to Snakes               Transmutation                2
   c - Spider Form                    Transmutation/Poison         3
   d - Ice Form                       Ice/Transmutation            4
   e - Blade Hands                    Transmutation                5
 q - a book of Air

   Spells                             Type                      Level
   a - Shock                          Conjuration/Air              1
   b - Swiftness                      Charms/Air                   2
   c - Repel Missiles                 Charms/Air                   2
   d - Static Discharge               Conjuration/Air              3
   e - Lightning Bolt                 Conjuration/Air              5
 H - a book of Envenomations

   Spells                             Type                      Level
   a - Spider Form                    Transmutation/Poison         3
   b - Olgreb's Toxic Radiance        Poison                       4
   c - Alistair's Intoxication        Transmutation/Poison         5
   d - Poisonous Cloud                Conjuration/Poison/Air       6
 K - a book of Clouds

   Spells                             Type                      Level
   a - Mephitic Cloud                 Conjuration/Poison/Air       3
   b - Conjure Flame                  Conjuration/Fire             3
   c - Poisonous Cloud                Conjuration/Poison/Air       6
   d - Freezing Cloud                 Conjuration/Ice/Air          6
   e - Ring of Flames                 Charms/Fire                  7
Comestibles
 d - 8 bread rations
 g - 4 fruits
 k - 5 meat rations
 x - a royal jelly
 z - a chunk of flesh
 D - a slice of pizza


   Skills:
 - Level 4.0 Fighting
 - Level 4.0 Dodging
 + Level 10.7 Unarmed Combat
 - Level 2.0 Spellcasting
 + Level 4.2 Transmutations


You had 2 spell levels left.
You knew the following spells:

 Your Spells              Type           Power        Failure   Level  Hunger
a - Beastly Appendage     Trmt           ###...       2%          1    #......
b - Sticks to Snakes      Trmt           ###.....     4%          2    ###....
c - Repel Missiles        Chrm/Air       #.....       16%         2    ###....
d - Blade Hands           Trmt           ###.......   71%         5    ######.


Dungeon Overview and Level Annotations

Branches:
Dungeon (8/15)             Temple (0/1) D:5
   Lair: D:8-11

Altars:
Ashenzari
Elyvilon
Fedhas
Gozag
Kikubaaqudgha
Nemelex Xobeh
Okawaru
Ru
Trog
Xom
Yredelemnul

Annotations:
D:3 subsebi's ghost, amateur DsCK
D:4 subsebi's ghost, amateur DsCK
D:8 Erolcha


Innate Abilities, Weirdness & Mutations

You have very sharp fingernails.
You are mostly covered in iridescent scales (AC +6).
A weak demonic guardian rushes to your aid.
You are slightly more attuned to the shadows.


Message History

Something barely misses you.
Unknown command.
You punch the sky beast!
You kill the sky beast!
Okawaru accepts your kill.
Erolcha zaps a wand.
The bolt of lightning hits you! Something hits you but does no damage.
Unknown command.
Something hits you. Something shocks you.
Found 10 gold pieces.
You open the door. Something hits you but does no damage.
Your talons disappear.
A stone appears from out of your range of vision.
The stone misses your ufetubus.
The insubstantial wisp blinks!
A sky beast appears from thin air!
Reactivating autopickup.
Your leather armour prevents you from hitting the sky beast.
Erolcha points at you and mumbles some strange words.
The bolt of fire hits you!
You die...

.≈≈≈..........#
$.≈≈..........#
.≈≈5.........#
.≈O§5.........##
§§≈#.≈†.<.....+.#
§#..§.(..v...#.. ####
#§..#........##.#####...
§....'..Y.....+......'...
...###..@.....###.####...
. #........###..# #...
#.............###...
#####..........##...
#........#.####'
#........#.# #.
#........#'####'
#...............
#######.........


You could see a sky beast, an insubstantial wisp, a friendly iron imp and a
friendly ufetubus.

Vanquished Creatures
  Prince Ribbit (D:6)
  A spriggan (D:7)
  Duvessa (D:6)
  An ice beast (D:7)
  A sky beast (D:8)
  An orc warrior (D:8)
  A phantom (D:6)
  A necrophage (D:5)
  2 ogres (D:6)
  A centaur (D:7)
  A big kobold (D:6)
  Blork the orc (D:6)
  An elf zombie (Ossuary)
  4 giant frogs
  Dowan (D:6)
  3 scorpions
  A howler monkey (D:6)
  3 crimson imps
  3 hounds
  A jelly (D:7)
  4 orc priests
  3 orc wizards
  A centaur skeleton (D:6)
  An iguana (D:6)
  2 worker ants
  A hound zombie (Ossuary)
  A hound skeleton (D:4)
  4 mummies (Ossuary)
  A worker ant zombie (D:6)
  3 gnolls (D:5)
  10 adders
  A river rat (D:6)
  A shadow imp (D:6)
  An ooze (D:1)
  2 adder zombies
  A worm (D:3)
  4 dart slugs
  6 giant geckos
  6 orcs
  9 bats
  19 giant cockroaches
  A gnoll zombie (Ossuary)
  5 hobgoblins
  8 jackals
  4 quokkas
  6 ball pythons
  7 giant newts
  5 goblins
  2 hobgoblin zombies (Ossuary)
  2 jackal zombies (Ossuary)
  12 kobolds
  2 orc zombies (Ossuary)
  A quokka skeleton (D:4)
  8 rats
  2 rat zombies (Ossuary)
176 creatures vanquished.

Vanquished Creatures (collateral kills)
  A centaur zombie (D:5)
  Menkaure (D:4)
  A giant frog (Sewer)
  A crimson imp (D:8)
  4 orc wizards
  A giant gecko (D:4)
  3 orcs
12 creatures vanquished.

Vanquished Creatures (others)
  An orc wizard (D:4)
1 creature vanquished.

Grand Total: 189 creatures vanquished

Notes
Turn   | Place    | Note
--------------------------------------------------------------
     0 | D:1      | GordonOverkill the Demonspawn Transmuter began the quest for the Orb.
     0 | D:1      | Reached XP level 1. HP: 15/15 MP: 3/3
   115 | D:1      | Reached skill level 3 in Unarmed Combat
   115 | D:1      | Gained mutation: You are partially covered in iridescent scales (AC +4). [demonic ancestry]
   115 | D:1      | Reached XP level 2. HP: 19/21 MP: 3/5
   953 | D:2      | Reached XP level 3. HP: 9/26 MP: 6/6
  1225 | D:2      | Reached skill level 4 in Unarmed Combat
  1235 | D:2      | Found an iron altar of Okawaru.
  1288 | D:2      | Found a blossoming altar of Fedhas.
  1301 | D:2      | Learned a level 2 spell: Sticks to Snakes
  1930 | D:2      | Became a worshipper of Warmaster Okawaru
  2069 | D:3      | Found a shattered altar of Ashenzari.
  2110 | D:3      | Found a basalt altar of Yredelemnul.
  2159 | D:3      | Gained mutation: A weak demonic guardian rushes to your aid. [demonic ancestry]
  2159 | D:3      | Reached XP level 4. HP: 27/32 MP: 7/7
  2354 | D:3      | Learned a level 2 spell: Repel Missiles
  2452 | D:3      | Found a sacrificial altar of Ru.
  2456 | D:3      | HP: 1/32 [orc wizard/dagger of electrocution (20)]
  2790 | D:3      | Reached skill level 5 in Unarmed Combat
  2822 | D:3      | Noticed subsebi's ghost (amateur DsCK)
  3281 | D:3      | You fall through a shaft!
  3288 | D:4      | Reached XP level 5. HP: 37/37 MP: 6/8
  3502 | D:4      | Noticed Menkaure
  3513 | D:4      | Killed Menkaure
  3513 | D:4      | Reached skill level 6 in Unarmed Combat
  3513 | D:4      | Gained mutation: You have sharp fingernails. [demonic ancestry]
  3513 | D:4      | Reached XP level 6. HP: 39/43 MP: 5/9
  3522 | D:4      | Reached * piety under Okawaru
  3760 | D:4      | Noticed subsebi's ghost (amateur DsCK)
  3775 | D:4      | Found a sand-covered staircase.
  3780 | Ossuary  | Entered an ossuary
  3805 | Ossuary  | Reached skill level 7 in Unarmed Combat
  4365 | D:4      | HP: 2/43 [subsebi's ghost (7)]
  4819 | D:5      | Entered Level 5 of the Dungeon
  4933 | D:5      | Gained mutation: You are mostly covered in iridescent scales (AC +6). [demonic ancestry]
  4933 | D:5      | Reached XP level 7. HP: 37/48 MP: 8/10
  5213 | D:5      | Found an opulent altar of Gozag.
  5241 | D:5      | Found an ancient bone altar of Kikubaaqudgha.
  5410 | D:5      | Reached ** piety under Okawaru
  5410 | D:5      | Reached skill level 8 in Unarmed Combat
  5417 | D:5      | Learned a level 5 spell: Blade Hands
  5456 | D:5      | Found a white marble altar of Elyvilon.
  5468 | D:5      | Found a shimmering altar of Xom.
  5836 | D:5      | Found a staircase to the Ecumenical Temple.
  5990 | D:6      | Gained mutation: You are slightly more attuned to the shadows. [demonic ancestry]
  5990 | D:6      | Reached XP level 8. HP: 40/56 MP: 11/11
  6006 | D:6      | Noticed Blork the orc
  6013 | D:6      | Killed Blork the orc
  6029 | D:6      | Identified a scroll of acquirement
  6032 | D:6      | Got a steaming cloak
  6038 | D:6      | Identified the +1 cloak "Nawnis" {Str+2 Dex+2 Slay+2} (You acquired it on level 6 of the Dungeon)
  6116 | D:6      | Reached skill level 9 in Unarmed Combat
  6466 | D:6      | Found a glowing drain.
  6470 | Sewer    | Entered a sewer
  7128 | D:6      | Noticed Prince Ribbit
  7355 | D:6      | Noticed Dowan
  7357 | D:6      | Noticed Duvessa
  7364 | D:6      | Killed Duvessa
  7364 | D:6      | Reached *** piety under Okawaru
  7373 | D:6      | Killed Dowan
  7382 | D:6      | Found a sparkling altar of Nemelex Xobeh.
  7894 | D:6      | Found a bloodstained altar of Trog.
  7911 | D:6      | Gained mutation: You have very sharp fingernails. [demonic ancestry]
  7911 | D:6      | Reached XP level 9. HP: 65/65 MP: 12/12
  8206 | D:6      | Killed Prince Ribbit
  8206 | D:6      | Reached skill level 10 in Unarmed Combat
  9555 | D:8      | Noticed Erolcha
  9572 | D:8      | Reached **** piety under Okawaru
  9577 | D:8      | Killed from afar by Erolcha

Skill      XL: |  1  2  3  4  5  6  7  8  9 |
---------------+----------------------------+-----
Unarmed Combat | 3 4 5 6 7 8 9 10 | 10.7
Fighting       | 2 4 |  4.0
Dodging        | 3 4 |  4.0
Transmutations | 4 |  4.2
Spellcasting   | |  2.0

Action                   |  1- 3 |  4- 6 |  7- 9 || total
-------------------------+-------+-------+-------++-------
Melee: Unarmed           |   197 |   172 |   330 ||   699
       Kick              |     7 |    23 |    39 ||    69
       Punch             |     2 |     5 |    11 ||    18
       Headbutt          |     1 |       |       ||     1
 Cast: Beastly Appendage |     7 |    17 |    19 ||    43
       Repel Missiles    |       |     1 |     1 ||     2
       Sticks to Snakes  |       |     2 |     1 ||     3
Invok: Heroism           |       |       |     1 ||     1
  Use: Potion            |     1 |     5 |     3 ||     9
       Scroll            |       |    11 |     9 ||    20
 Stab: Distracted        |       |     1 |     2 ||     3
       Sleeping          |       |       |     8 ||     8
  Eat: Chunk             |     5 |     3 |     8 ||    16
       Meat ration       |       |     2 |       ||     2
       Bread ration      |       |       |     1 ||     1
Armor: Robe              |    14 |       |       ||    14
       Leather armour    |    42 |    57 |   115 ||   214
       Plate armour      |    92 |    45 |       ||   137
Dodge: Dodged            |    68 |    80 |   168 ||   316
       Deflected         |       |     1 |       ||     1
